 Dungeon Crawl Stone Soup version 0.17.1-3-g152610e (webtiles) character file.

1827 Jerry the Covered (level 8, -1/100 HPs)
             Began as a Minotaur Fighter on Apr 1, 2016.
             Was an Initiate of the Shining One.
             Succumbed to poison (a potion of poison)
             ... on level 7 of the Dungeon.
             The game lasted 00:20:21 (5395 turns).

Jerry the Covered (Minotaur Fighter)                Turns: 5395, Time: 00:20:21

Health: -1/100     AC:  9    Str: 26    XL:     8   Next: 86%
Magic:  9/9        EV: 11    Int: 10    God:    the Shining One [......]
Gold:   295        SH: 11    Dex: 12    Spells: 0 memorised, 7 levels left

rFire  . . .     SeeInvis .     C - +3 war axe (chop)
rCold  . . .     Clarity  .     t - +0 ring mail
rNeg   + . .     SustAt   .     c - +0 shield
rPois  .         Gourm    .     (helmet restricted)
rElec  .         Spirit   .     L - +0 cloak
rCorr  .         Warding  +     (no gloves)
rMut   .         Stasis   .     y - +0 pair of boots
MR     .....                    N - amulet of warding
Stlth  ..........               (no ring)
                                (no ring)

@: brilliant, berserking, lethally poisoned (-1 -> -17), very quick, not
resistant to hostile enchantments, extremely unstealthy
A: retaliatory headbutt, horns 2
a: Renounce Religion


You were on level 7 of the Dungeon.
You worshipped the Shining One.
The Shining One was noncommittal.
You were not hungry.

You visited 2 branches of the dungeon, and saw 8 of its levels.

You collected 295 gold pieces.

Inventory:

Hand Weapons
 a - a +0 flail
 C - a +3 war axe of chopping (weapon)
 G - a +1 mace of crushing
Missiles
 B - 4 tomahawks (quivered)
 M - 2 throwing nets
Armour
 b - a +0 scale mail
 c - a +0 shield (worn)
 t - a +0 ring mail (worn)
 y - a +0 pair of boots (worn)
 L - a +0 cloak (worn)
Jewellery
 N - an amulet of warding (around neck)
Wands
 u - a wand of cold (13)
 J - a wand of magic darts (24)
 K - a wand of enslavement (16)
Scrolls
 f - 3 scrolls of identify {unknown}
 h - 8 scrolls of remove curse {unknown}
 j - 3 scrolls of teleportation {unknown}
 m - a scroll of torment {unknown}
 o - a scroll of enchant armour {unknown}
 p - 4 scrolls of blinking {unknown}
 q - a scroll of random uselessness {unknown}
 v - a scroll of immolation {unknown}
 D - a scroll of fog {unknown}
 H - a scroll of recharging {unknown}
Potions
 d - a potion of might
 g - 2 potions of haste
 r - a potion of brilliance
 x - a potion of poison
 A - a potion of flight {unknown}
 E - 3 potions of heal wounds {unknown}
 F - 2 potions of resistance {unknown}
Books
 n - a book of Fire

   Spells                             Type                      Level
   a - Ignite Poison                  Fire/Transmutation/Poison    3
   b - Fireball                       Conjuration/Fire             5
   c - Bolt of Fire                   Conjuration/Fire             6
   d - Delayed Fireball               Conjuration/Fire             7
   e - Ring of Flames                 Charms/Fire                  7
Comestibles
 e - 7 bread rations
 s - 8 beef jerkies
 w - a slice of pizza
 I - 4 chunks of flesh


   Skills:
 - Level 4.5 Fighting
 + Level 7.2 Maces & Flails
 + Level 7.7 Armour
 - Level 4.7 Dodging
 + Level 7.4 Shields
 + Level 3.2 Invocations


You had 7 spell levels left.
You didn't know any spells.

Dungeon Overview and Level Annotations

Branches:
Dungeon (7/15)             Temple (1/1) D:5

Altars:
Cheibriados
Dithmenos
Elyvilon
Fedhas
Gozag
Kikubaaqudgha
Makhleb
Nemelex Xobeh
Okawaru
Qazlal
Sif Muna
Trog
Vehumet
Xom
Yredelemnul
The Shining One

Annotations:
D:7 Prince Ribbit


Innate Abilities, Weirdness & Mutations

You reflexively headbutt those who attack you in melee.
You have a pair of horns on your head.


Message History

Your +0 ring mail unmelds from your body.
Prince Ribbit misses you.
Drink which item? (? for menu, Esc to quit)
It was a potion of poison.
That liquid tasted very nasty...
You are more poisoned.
* * * LOW HITPOINT WARNING * * *
You feel sick. Prince Ribbit barely misses you. You furiously retaliate!
You headbutt Prince Ribbit.
Prince Ribbit hits you but does no damage.
Drink which item? (? for menu, Esc to quit)
It was a potion of berserk rage.
A red film seems to cover your vision as you go berserk!
You feel yourself moving faster!
You feel mighty!
* * * LOW HITPOINT WARNING * * *
You feel sick. Prince Ribbit hits you.
* * * LOW HITPOINT WARNING * * *
You are too berserk!
You miss Prince Ribbit.
Prince Ribbit is lightly wounded.
You die...

..#.........#.##.........
#######.#......................
#.......#........##.÷..........
#.......#.........##.###.......
###.......#........####.#####(...
..[..................##.###.>####
###.......#..†÷....#####.#####
.............†aF.### #.).#
###.......######@# #.§÷#
#.......# #†## #..÷#
#.......######..########
#.......#..........##
#.......#...........#
#.......#...........#
#.......#...........#
#########...........#
#########.....


You could see Prince Ribbit and a worker ant.

Vanquished Creatures
  An ice beast (D:5)
  A centaur (D:5)
  2 ogres
  3 giant frogs
  A scorpion (D:5)
  A water moccasin skeleton (D:6)
  5 killer bees (D:7)
  2 crimson imps
  3 orc priests
  2 hounds
  2 iguanas (D:7)
  6 orc wizards
  7 worker ants
  2 hound skeletons
  A worker ant zombie (D:5)
  4 gnolls (D:5)
  10 adders
  2 oozes
  5 worms
  5 giant geckos
  23 orcs
  6 giant cockroaches
  13 hobgoblins
  17 jackals
  6 kobolds
  5 quokkas
  8 bats
  A giant cockroach zombie (D:5)
  A giant gecko zombie (D:6)
  4 giant newts
  8 goblins
  A quokka skeleton (D:4)
  13 rats
171 creatures vanquished.

Vanquished Creatures (others)
  2 orc wizards (D:5)
2 creatures vanquished.

Grand Total: 173 creatures vanquished

Notes
Turn   | Place    | Note
--------------------------------------------------------------
     0 | D:1      | Jerry the Minotaur Fighter began the quest for the Orb.
     0 | D:1      | Reached XP level 1. HP: 19/19 MP: 0/0
   113 | D:1      | Reached XP level 2. HP: 13/26 MP: 1/1
   444 | D:1      | Reached skill level 4 in Armour
   457 | D:1      | Reached skill level 1 in Dodging
   708 | D:2      | Reached XP level 3. HP: 31/31 MP: 2/2
  1250 | D:2      | Reached XP level 4. HP: 32/39 MP: 3/3
  1648 | D:3      | Reached XP level 5. HP: 20/45 MP: 4/4
  1827 | D:3      | Reached skill level 5 in Armour
  2025 | D:3      | Reached skill level 5 in Shields
  2157 | D:3      | Found an opulent altar of Gozag.
  2158 | D:3      | Found a sparkling altar of Nemelex Xobeh.
  2302 | D:3      | Reached XP level 6. HP: 44/51 MP: 5/5
  2377 | D:4      | Found a snail-covered altar of Cheibriados.
  2518 | D:4      | Reached skill level 5 in Maces & Flails
  2590 | D:4      | Reached XP level 7. HP: 41/57 MP: 6/6
  2652 | D:4      | Found a deep blue altar of Sif Muna.
  3023 | D:5      | Entered Level 5 of the Dungeon
  3124 | D:5      | Reached skill level 6 in Armour
  3721 | D:5      | Found a staircase to the Ecumenical Temple.
  3749 | D:5      | Reached XP level 8. HP: 59/67 MP: 7/7
  3772 | Temple   | Entered the Ecumenical Temple
  4016 | Temple   | Became a worshipper of the Shining One
  4031 | D:5      | Found an opulent altar of Gozag.
  4814 | D:6      | Reached skill level 1 in Invocations
  5091 | D:6      | Reached skill level 7 in Armour
  5368 | D:7      | Noticed Prince Ribbit
  5387 | D:7      | The Shining One protects you from harm!
  5393 | D:7      | HP: 2/67 [poison (a potion of poison)]
  5395 | D:7      | Succumbed to poison (a potion of poison)

Action                   |  1- 3 |  4- 6 |  7- 9 || total
-------------------------+-------+-------+-------++-------
Melee: Flail             |   113 |   186 |       ||   299
       War axe           |       |     2 |   148 ||   150
  Use: Potion            |       |     1 |     9 ||    10
  Eat: Chunk             |     1 |     5 |     9 ||    15
